 Dungeon Crawl Stone Soup version 0.19.5 (webtiles) character file.

16 Huymann the Magician (level 2, 0/22 HPs)
             Began as a Naga Wizard on July 18, 2017.
             Slain by a rat (1 damage)
             ... on level 1 of the Dungeon.
             The game lasted 00:06:45 (435 turns).

Huymann the Magician (Naga Wizard)                   Turns: 435, Time: 00:06:45

Health: 0/22       AC:  1    Str:  9    XL:     2   Next: 58%
Magic:  1/6        EV: 10    Int: 18    God:
Gold:   16         SH:  0    Dex:  9    Spells: 1 memorised, 6 levels left

rFire  x . .     SeeInvis +     e - +0 dagger
rCold  + . .     Gourm    .     a - +0 robe
rNeg   . . .     Faith    .     (no shield)
rPois  +         Spirit   .     b - +0 hat
rElec  .         Reflect  .     (no cloak)
rCorr  .         Harm     .     (no gloves)
MR     .....                    (no barding)
Stlth  ++........               (no amulet)
                                (no ring)
                                g - ring of ice

@: very slow
A: see invisible, deformed body, poison resistance, slowness 2, slow metabolism
1, spit poison 1, AC +0
a: Spit Poison


You were on level 1 of the Dungeon.
You were not hungry.

You visited 1 branch of the dungeon, and saw 1 of its levels.

You collected 16 gold pieces.

Inventory:

Hand Weapons
 e - a +0 dagger (weapon)
Armour
 a - a +0 robe (worn)
 b - a +0 hat (worn)
Jewellery
 g - a ring of ice (left hand)
Books
 c - a book of Minor Magic

   Spells                             Type                      Level
   a - Magic Dart                     Conjuration                  1
   b - Blink                          Translocation                2
   c - Call Imp                       Summoning                    2
   d - Repel Missiles                 Charms/Air                   2
   e - Slow                           Hexes                        2
   f - Conjure Flame                  Conjuration/Fire             3
   g - Mephitic Cloud                 Conjuration/Poison/Air       3
Comestibles
 d - a bread ration
 h - a slice of pizza


   Skills:
 * Level 0.2 Fighting
 * Level 0.4 Short Blades
 + Level 1.7 Dodging
 * Level 3.0 Stealth
 + Level 3.4 Spellcasting
 * Level 1.0 Conjurations
   Level 1.0 Summonings
   Level 1.0 Translocations


You had 6 spell levels left.
You knew the following spells:

 Your Spells              Type           Power        Failure   Level  Hunger
a - Magic Dart            Conj           #...         12%         1    None


Dungeon Overview and Level Annotations

Branches:
Dungeon (1/15)

Altars:


Innate Abilities, Weirdness & Mutations

You cannot wear boots.
Your serpentine skin is tough. (AC +0)
You have supernaturally acute eyesight. (SInv)
Armour fits poorly on your strangely shaped body.
Your system is resistant to poisons. (rPois)
You cover ground very slowly.
You have a slow metabolism.
You can spit poison.


Message History

The rat barely misses you. The ball python barely misses you.
The kobold closely misses you.
As you read the scroll labeled QEORCHA WOCY, it crumbles to dust.
You hear a loud clanging noise!
It was a scroll of noise.
You hear an angry hiss.
You hear a shout! x6
The jackal bites you.
* * * LOW HITPOINT WARNING * * *
The rat bites you.
* * * LOW HITPOINT WARNING * * *
The jackal closely misses you. The ball python barely misses you.
The kobold hits you with a short sword.
* * * LOW HITPOINT WARNING * * *
You hit the jackal.
You kill the jackal!
The rat barely misses you. The ball python bites you.
* * * LOW HITPOINT WARNING * * *
The kobold hits you but does no damage. The rat bites you.
You die...

..........................
.#†.....#####...##.........
..##.#...#.......#.........
.÷.#.#.....#...............
.....##.................>..
........#..................
........#.#.......#........
...........#...............
...............K@S#(######
.....##.)........r#.h######.
..#.......#.................
#.........(#.....#.....##...
#...##......#...........#.##
.......#(...(####..........#
.#'#..##........#........#..
##⌠####..####...##.......# .
+⌠<⌠++..8# .#..........#


You could see a ball python, a kobold and a rat.

Vanquished Creatures
  An ooze (D:1)
  A giant cockroach (D:1)
  2 goblins (D:1)
  A hobgoblin (D:1)
  2 jackals (D:1)
  2 bats (D:1)
  A kobold (D:1)
  A rat (D:1)
11 creatures vanquished.

Notes
Turn   | Place    | Note
-------+----------+-------------------------------------------
     0 | D:1      | Huymann the Naga Wizard began the quest for the Orb.
     0 | D:1      | Reached XP level 1. HP: 15/15 MP: 4/4
    85 | D:1      | Reached XP level 2. HP: 21/22 MP: 4/6
   434 | D:1      | HP: 1/22 [ball python (1)]
   435 | D:1      | Slain by a rat

Action                   || total
-------------------------++-------
Melee: Dagger            ||    25
 Cast: Magic Dart        ||    20
  Use: Scroll            ||     1
Armor: Robe              ||    12
Dodge: Dodged            ||    48
